 Dungeon Crawl Stone Soup version 0.25-a0-504-g768f60da87 (webtiles) character file.

Game seed: 1130332634326778701, levelgen mode: deterministic

123 BeastOfSaturn the Slasher (level 4, -2/34 HPs)
             Began as a Demonspawn Warper on Feb 14, 2020.
             Slain by an orc
             ... wielding a +0 hand axe
              (7 damage)
             ... on level 3 of the Dungeon.
             The game lasted 00:11:50 (3095 turns).

BeastOfSaturn the Slasher (Demonspawn Warper)       Turns: 3095, Time: 00:11:51

Health: -2/34      AC:  3    Str: 12    XL:     4   Next: 79%
Magic:  15/16      EV: 12    Int: 14    God:
Gold:   93         SH:  0    Dex: 15    Spells: 2/7 levels left

rFire    . . .     SeeInvis .   a - +0 falchion
rCold    . . .     Gourm    .   (no shield)
rNeg     . . .     Faith    .   b - +0 leather armour
rPois    .         Spirit   .   (helmet restricted)
rElec    .         Reflect  .   (no cloak)
rCorr    .         Harm     .   (no gloves)
MR       .....                  (boots unavailable)
Stlth    +.........             (no amulet)
HPRegen  0.11/turn              n - ring of magical power
MPRegen  0.15/turn              (no ring)

@: lethally poisoned (-2 -> -5)
A: hooves 3, horns 1, agile 1
a: no special abilities


You were on level 3 of the Dungeon.
You were not hungry.

You visited 1 branch of the dungeon, and saw 3 of its levels.

You collected 93 gold pieces.

Inventory:

Hand Weapons
 a - a +0 falchion (weapon)
Missiles
 e - 5 boomerangs of dispersal (quivered)
 l - 75 stones
Armour
 b - a +0 leather armour (worn)
Jewellery
 n - a ring of magical power (left hand)
Scrolls
 c - a scroll of magic mapping {unknown}
 d - a scroll of blinking
 h - 2 scrolls of enchant armour {unknown}
 i - 2 scrolls of identify {unknown}
 j - a scroll of fear {unknown}
 k - 4 scrolls of remove curse {unknown}
Potions
 g - a potion of curing {unknown}


   Skills:
 + Level 2.6 Fighting
 * Level 3.1 Long Blades
 - Level 0.8 Throwing
 * Level 1.6 Armour
 + Level 2.4 Dodging
 + Level 2.3 Spellcasting
 + Level 2.9 Translocations


You had 2 spell levels left.
You knew the following spells:

 Your Spells              Type           Power        Failure   Level  Hunger
a - Blink                 Tloc           N/A          14%         2    ###....
b - Gell's Gravitas       Tloc           #.........   26%         3    ###....

Your spell library contained the following spells:

 Spells                   Type           Power        Failure   Level  Hunger
 Shroud of Golubria       Chrm/Tloc      #.....       24%         2    ###....
 Lesser Beckoning         Tloc           #.........   26%         3    ###....
 Teleport Other           Tloc           #.......     26%         3    ###....
 Passage of Golubria      Tloc           N/A          65%         4    #####..


Dungeon Overview and Level Annotations

Branches:
Dungeon (3/15)

Altars:
Ru


Innate Abilities, Weirdness & Mutations

You have hooves in place of feet.
You have a pair of small horns on your head.
You are agile. (Dex +2)


Message History

You hit the hobgoblin.
You kill the hobgoblin!
Unknown command.
You hit the orc wizard but do no damage.
The orc wizard barely misses you.
The orc wizard hits you with a +2 dagger of venom.
You are poisoned.
You hit the orc wizard.
The orc wizard is moderately wounded.
You feel sick. The orc wizard barely misses you.
You hit the orc but do no damage. Your kick misses the orc.
You feel sick.
You barely miss the orc. Your kick misses the orc.
You feel sick. The orc hits you with a +0 hand axe.
* * * LOW HITPOINT WARNING * * *
The orc wizard looks satisfied for a moment.
You feel sick.
It was a potion of mutation.
You feel extremely strange. A pair of horns grows on your head!
You feel agile.
You feel sick. The orc hits you with a +0 hand axe!
You die...

.# ... #.# ## #.#
.. #.# #. #.#
####..##.#
......<.h########
####..#.hh.oo@..#
#. #h#######.# #
...h .. #..... .#
#...... #
........
##..#..[## #.h##.


You could see an orc wizard, an orc and 4 jackals.

Vanquished Creatures
  Robin (D:2)
  4 adders (D:2)
  An ooze (D:2)
  4 worms (D:2)
  A dart slug (D:1)
  2 leopard geckos
  2 orcs (D:3)
  4 ball pythons
  3 bats
  A giant cockroach (D:1)
  10 goblins (D:2)
  6 hobgoblins
  3 jackals (D:1)
  2 kobolds
  A quokka (D:2)
  3 frilled lizards
  A giant cockroach zombie (D:3)
  4 rats
53 creatures vanquished.

Notes
Turn   | Place    | Note
-------+----------+-------------------------------------------
     0 | D:1      | BeastOfSaturn the Demonspawn Warper began the quest for the
                  | Orb.
     0 | D:1      | Reached XP level 1. HP: 16/16 MP: 3/3
   609 | D:1      | Reached skill level 1 in Armour
   657 | D:1      | Reached skill level 2 in Long Blades
   791 | D:1      | Gained mutation: You have large cloven feet. [demonic
                  | ancestry]
   791 | D:1      | Reached XP level 2. HP: 17/22 MP: 5/5
  1060 | D:1      | Learned a level 2 spell: Blink
  1429 | D:2      | Noticed Robin
  1694 | D:2      | Gained mutation: You have hoof-like feet. [demonic
                  | ancestry]
  1694 | D:2      | Reached XP level 3. HP: 27/27 MP: 6/6
  1971 | D:2      | Learned a level 3 spell: Gell's Gravitas
  2328 | D:2      | Killed Robin
  2328 | D:2      | Gained mutation: You have hooves in place of feet. [demonic
                  | ancestry]
  2328 | D:2      | Reached XP level 4. HP: 32/34 MP: 7/7
  2777 | D:2      | Found a sacrificial altar of Ru.
  2859 | D:2      | Reached skill level 3 in Long Blades
  3095 | D:3      | Gained mutation: You have a pair of small horns on your
                  | head. [potion of mutation]
  3095 | D:3      | Gained mutation: You are agile. (Dex +2) [potion of
                  | mutation]
  3095 | D:3      | Slain by an orc

Levels and vault maps discovered:
D:1:      wander_arrival_abandoned_jail, layout_basic
D:2:      layout_basic, nicolae_ru_path_of_blood, uniq_robin
D:3:      cheibrodos_old_hovel, layout_loops_ring, first_ration,
          grunt_ministairs_2, uniq_natasha

Skill      XL: |  1  2  3  4 |
---------------+-------------+-----
Armour         | 1 |  1.6
Long Blades    | 2 3 |  3.1
Dodging        | 2 |  2.4
Fighting       | |  2.6
Throwing       | |  0.8
Spellcasting   | |  2.3
Translocations | |  2.9

Action                   |  1- 3 |  4- 6 || total
-------------------------+-------+-------++-------
Melee: Falchion          |    92 |    61 ||   153
       Kick              |    15 |    17 ||    32
 Cast: Blink             |     2 |       ||     2
       Gell's Gravitas   |     1 |       ||     1
  Use: Potion            |       |     1 ||     1
  Eat: Chunk             |     1 |     3 ||     4
       Ration            |     1 |       ||     1
Armor: Leather armour    |    23 |     7 ||    30
Dodge: Dodged            |    53 |    33 ||    86
       Rpst.: Falchion   |    33 |    11 ||    44

Table legend:
 A = Non-vault XP
 B = Vault XP
 C = Vault XP percentage of total XP
 D = Non-vault monster count
 E = Vault monster count
 F = Vault count percentage of total count
                 A         B        C        D         E       F
            +---------+---------+-------+---------+---------+-------
      Total |     142 |      34 |  19.3 |      42 |      11 |  20.8
            +---------+---------+-------+---------+---------+-------
        D:1 |      26 |       0 |   0.0 |      13 |       0 |   0.0
        D:2 |     107 |      34 |  24.1 |      25 |      11 |  30.6
        D:3 |       9 |       0 |   0.0 |       4 |       0 |   0.0
            +---------+---------+-------+---------+---------+-------
